 Dungeon Crawl Stone Soup version 0.31-a0-210-gccc998df9b (webtiles) character file.

Game seed: 17931157544247343173

106 qw the Shooter (level 4, 0/36 HPs)
             Began as a Minotaur Hexslinger on June 30, 2023.
             Killed from afar by an orc wizard (2 damage)
             ... with a magic dart
             ... on level 3 of the Dungeon.
             The game lasted 00:00:48 (2198 turns).

qw the Shooter (Minotaur Hexslinger)                Turns: 2198, Time: 00:00:49

Health: 0/36       AC:  6    Str: 12    XL:     4   Next: 55%
Magic:  4/4        EV: 11    Int: 10    God:
Gold:   167        SH:  0    Dex: 15    Spells: 4/5 levels left

rFire   . . .        Y - +2 sling
rCold   . . .        (no shield)
rNeg    . . .        h - +0 ring mail
rPois   .            (helmet restricted)
rElec   .            (no cloak)
rCorr   .            b - +0 pair of gloves
SInv    .            (no boots)
Will    .....        (no amulet)
Stlth   +            (no ring)
HPRegen 0.26/turn    (no ring)
MPRegen 0.09/turn

%: no passive effects
@: no status effects
A: horns 2, retaliatory headbutt
a: no special abilities


You were on level 3 of the Dungeon.
You visited 1 branch of the dungeon, and saw 3 of its levels.

You collected 167 gold pieces.


Innate Abilities, Weirdness & Mutations

You have a pair of horns on your head.
You reflexively headbutt those who attack you in melee.


   Skills:
 - Level 2.0 Fighting
 + Level 4.9 Ranged Weapons
 - Level 1.0 Armour
 - Level 2.1 Dodging
 - Level 1.0 Spellcasting
 - Level 2.0 Hexes


You had 4 spell levels left.
You knew the following spells:

 Your Spells              Type           Power      Damage    Failure   Level
a - Slow                  Hex            16%        N/A       34%         1

Your spell library contained the following spells:

 Spells                   Type           Power      Damage    Failure   Level
 Inner Flame              Hex/Fire       2%         N/A       83%         3
 Portal Projectile        Hex/Tloc       4%         N/A       83%         3
 Cause Fear               Hex            2%         N/A       98%         4

Inventory:

Hand Weapons
 Y - a +2 sling (weapon)
Armour
 b - a +0 pair of gloves (worn)
 h - a +0 ring mail (worn)
Scrolls
 a - 3 scrolls of identify

Dungeon Overview and Level Annotations

Branches:
Dungeon (3/15)

Altars:
Vehumet
Zin


Message History

The orc hits you with a +0 club. Something hits you but does no damage.
The orc hits you with a +0 club. Something hits you but does no damage.
The orc hits you but does no damage. Something hits you but does no damage.
The orc closely misses you. Something hits you but does no damage.
The orc barely misses you.
You hear some strange, mumbled words.
You are more confused.
The orc hits you with a +0 club. Something hits you.
An orc comes into view. It is wielding a +0 short sword.
The orc completely misses you. Something hits you. The orc misses you.
Something hits you but does no damage. The orc hits you but does no damage.
Something hits you. The orc hits you with a +0 club.
Something hits you but does no damage. The orc hits you but does no damage.
The orc closely misses you. Something hits you. The orc barely misses you.
The orc hits you but does no damage. Something hits you.
The orc closely misses you. The orc hits you but does no damage.
Something hits you. The orc hits you with a +0 short sword.
You feel less confused. The orc barely misses you.
You hear some strange, mumbled words.
Something tries to affect you, but you resist.
The orc hits you but does no damage.
You shoot a sling bullet. The sling bullet barely misses the orc.
The orc hits you with a +0 club.
You hear some strange, mumbled words.
A magic dart appears from out of thin air!
The magic dart hits you. The orc hits you with a +0 short sword.
You shoot a sling bullet.
The sling bullet hits the orc but does no damage.
The orc is moderately wounded.
The orc hits you but does no damage. x2; Something hits you but does no damage.
You shoot a sling bullet. The sling bullet hits the orc.
The orc is heavily wounded.
The orc barely misses you. The orc hits you but does no damage.
You hear some strange, mumbled words.
A magic dart appears from out of thin air!
The magic dart hits you.
You die...

....... .....# .....#
.....##### .. ...
.......... ..7 7..#
.<##.##### ..777...
####.#### ...... #....##
####+...# ####..#
#.o@#####
########.#####.o{#####
...............##'...###
############).##.......##
#..#...777..)#
#.##..77.77%.##
..#...7...7.))#
####..77...77).#
#..7.._..7..#


You could see 2 orcs.

Vanquished Creatures
  Robin (D:3)
  3 adders (D:2)
  A worm (D:2)
  A dart slug (D:2)
  2 orcs (D:3)
  3 endoplasms (D:2)
  3 giant cockroaches (D:2)
  13 goblins
  6 hobgoblins (D:3)
  2 jackals (D:2)
  A quokka (D:2)
  7 ball pythons
  5 bats
  3 frilled lizards
  3 kobolds
  5 rats
59 creatures vanquished.

Notes
Turn   | Place    | Note
-------+----------+-------------------------------------------
     0 | D:1      | qw the Minotaur Hexslinger began the quest for the Orb.
     0 | D:1      | Reached XP level 1. HP: 16/16 MP: 1/1
     0 | D:1      | 0 ||| qw: Version: 0.3-a-24-ga2abf7b
     0 | D:1      | 0 ||| qw: Game counter: 7064
     0 | D:1      | 0 ||| qw: Melee chars always use a shield: true
     0 | D:1      | 0 ||| qw: God list: Okawaru
     0 | D:1      | 0 ||| qw: Allow faded altars: false
     0 | D:1      | 0 ||| qw: Do Orc after clearing Dungeon:15 true
     0 | D:1      | 0 ||| qw: Do second Lair branch before Depths: true
     0 | D:1      | 0 ||| qw: Lair rune preference: random
     0 | D:1      | 0 ||| qw: Goals: Normal
     0 | D:1      | 0 ||| PLANNING D:1-11
    88 | D:1      | 88 ||| FLEEEEING.
    89 | D:1      | 89 ||| FLEEEEING.
    90 | D:1      | 90 ||| FLEEEEING.
    91 | D:1      | 91 ||| FLEEEEING.
    92 | D:1      | 92 ||| FLEEEEING.
    93 | D:1      | 93 ||| FLEEEEING.
    94 | D:1      | 94 ||| FLEEEEING.
    95 | D:1      | 95 ||| FLEEEEING.
    96 | D:1      | 96 ||| FLEEEEING.
    97 | D:1      | 97 ||| FLEEEEING.
    98 | D:1      | 98 ||| FLEEEEING.
    99 | D:1      | 99 ||| FLEEEEING.
   100 | D:1      | 100 ||| FLEEEEING.
   101 | D:1      | 101 ||| FLEEEEING.
   102 | D:1      | 102 ||| FLEEEEING.
   103 | D:1      | 103 ||| FLEEEEING.
   104 | D:1      | 104 ||| FLEEEEING.
   105 | D:1      | 105 ||| FLEEEEING.
   106 | D:1      | 106 ||| FLEEEEING.
   253 | D:1      | Reached skill level 3 in Ranged Weapons
   302 | D:1      | Reached XP level 2. HP: 23/23 MP: 2/2
   526 | D:1      | Found a faded altar of an unknown god.
   829 | D:1      | 829 ||| READING 2 scrolls labelled ILOUVV CUGU.
   830 | D:1      | 830 ||| DROPPING scroll of poison.
   978 | D:2      | Reached XP level 3. HP: 22/29 MP: 3/3
  1056 | D:2      | Found a radiant altar of Vehumet.
  1204 | D:2      | Reached skill level 4 in Ranged Weapons
  1301 | D:2      | 1301 ||| FLEEEEING.
  1398 | D:2      | Reached XP level 4. HP: 18/36 MP: 4/4
  1803 | D:2      | 1803 ||| UPGRADING to +0 pair of gloves.
  1808 | D:2      | 1808 ||| UPGRADING to +0 ring mail.
  1818 | D:2      | 1818 ||| DROPPING +0 robe.
  1819 | D:2      | 1819 ||| READING scroll labelled YGIOPO JERPHY.
  1820 | D:2      | 1820 ||| READING scroll labelled OKA EKKUSI.
  1921 | D:2      | 1921 ||| READING scroll labelled LIOCKAIJEU.
  1926 | D:2      | 1926 ||| READING scroll labelled USIMOATOSH.
  1927 | D:2      | 1927 ||| READING 6 scrolls of identify.
  1927 | D:2      | 1927 ||| IDENTIFYING fuming green potion
  1928 | D:2      | 1928 ||| READING 5 scrolls of identify.
  1928 | D:2      | 1928 ||| IDENTIFYING sapphire potion
  1929 | D:2      | 1929 ||| READING 4 scrolls of identify.
  1929 | D:2      | 1929 ||| IDENTIFYING white potion
  1930 | D:2      | 1930 ||| DROPPING potion of berserk rage.
  1931 | D:2      | 1931 ||| DROPPING potion of attraction.
  1932 | D:2      | 1932 ||| DROPPING potion of invisibility.
  2055 | D:3      | Reached skill level 1 in Armour
  2056 | D:3      | Noticed Robin
  2066 | D:3      | Killed Robin
  2150 | D:3      | Found a glowing silver altar of Zin.
  2196 | D:3      | HP: 6/36 [orc/+0 club (5)]
  2196 | D:3      | HP: 2/36 [orc/+0 short sword (2)]
  2198 | D:3      | Killed from afar by an orc wizard

Levels and vault maps discovered:
D:1:      lemuel_arrival_broad_hall, layout_basic,
          chequers_ecumenical_altar_lobes
D:2:      minmay_skewed_foursquare, layout_loops_ring, basic_altar,
          minmay_circle_x
D:3:      kennysheep_goblin_castle, layout_rooms, xom_butterflies,
          lemuel_tele_altar, nicolae_ashenzari_skybound,
          mainiacjoe_overflow_two_lobes, uniq_robin

Skill      XL: |  1  2  3  4 |
---------------+-------------+-----
Ranged Weapons | 3 4 |  4.9
Fighting       | 2 |  2.0
Armour         | 1 |  1.0
Dodging        | |  2.1
Spellcasting   | |  1.0
Hexes          | |  2.0

Action                     |  1- 3 |  4- 6 || total
---------------------------+-------+-------++-------
   Fire: Sling             |   104 |    57 ||   161
    Use: Scroll            |     1 |     7 ||     8
 Armour: Robe              |     6 |     2 ||     8
         Ring mail         |       |    26 ||    26
  Dodge: Dodged            |    21 |    39 ||    60

Table legend:
 A = Non-vault XP
 B = Vault XP
 C = Vault XP percentage of total XP
 D = Non-vault monster count
 E = Vault monster count
 F = Vault count percentage of total count
                 A         B        C        D         E       F
            +---------+---------+-------+---------+---------+-------
      Total |     102 |      50 |  32.9 |      38 |      21 |  35.6
            +---------+---------+-------+---------+---------+-------
        D:1 |      19 |       0 |   0.0 |      14 |       0 |   0.0
        D:2 |      74 |      14 |  15.9 |      20 |       9 |  31.0
        D:3 |       9 |      36 |  80.0 |       4 |      12 |  75.0
            +---------+---------+-------+---------+---------+-------
